 Dungeon Crawl Stone Soup version 0.22-a0-362-g535178c (webtiles) character file.

4540 b5mith the Fighter (level 10, -1/100 HPs)
             Began as a Minotaur Berserker on Apr 20, 2018.
             Was a High Priest of Trog.
             Slain by an orc warrior
             ... wielding a +0 war axe
              (6 damage)
             ... in a bailey.
             The game lasted 00:26:40 (8738 turns).

b5mith the Fighter (Minotaur Berserker)             Turns: 8738, Time: 00:26:40

Health: -1/100     AC:  6    Str: 28    XL:     10   Next: 17%
Magic:  9/9        EV: 17    Int:  4    God:    Trog [*****.]
Gold:   310        SH:  0    Dex: 15    Spells: 9/9 levels left

rFire    . . .     SeeInvis .   a - +0 falchion
rCold    . . .     Gourm    .   (no shield)
rNeg     . . .     Faith    .   i - +0 ring mail
rPois    .         Spirit   .   (helmet restricted)
rElec    .         Reflect  .   r - +0 cloak
rCorr    .         Harm     .   (no gloves)
MR       .....                  (no boots)
Stlth    ++........             (no amulet)
HPRegen  0.26/turn              z - +3 ring of strength
MPRegen  0.11/turn              (no ring)

@: agile, berserk cooldown, slowed, very slow
A: retaliatory headbutt, horns 2
a: Berserk, Trog's Hand, Brothers in Arms, Renounce Religion


You were in a bailey.
You worshipped Trog.
Trog was extremely pleased with you.
You were hungry.

You visited 1 branch of the dungeon, and saw 7 of its levels.
You also visited: Sewer and Bailey.

You collected 437 gold pieces.
You spent 127 gold pieces at shops.

Inventory:

Hand Weapons
 a - a +0 falchion (weapon)
 b - a +0 hunting sling
   (You took it off a goblin on level 3 of the Dungeon)
 G - a +2 dagger of holy wrath
   (You took it off an orc priest on level 5 of the Dungeon)
Missiles
 d - 26 sling bullets
 D - 11 tomahawks (quivered)
 M - 30 tomahawks of returning
Armour
 i - a +0 ring mail (worn)
   (You found it on level 1 of the Dungeon)
 r - a +0 cloak (worn)
   (You found it on level 2 of the Dungeon)
 x - a +0 animal skin
 I - a +1 leather armour of fire resistance
   (You took it off Eustachio on level 5 of the Dungeon)
Jewellery
 z - a +3 ring of strength (left hand)
   (You bought it in a shop on level 4 of the Dungeon)
Wands
 B - a wand of random effects (14)
   (You found it on level 4 of the Dungeon)
 E - a wand of acid (6)
   (You found it on level 5 of the Dungeon)
 K - a wand of digging (11)
   (You found it on level 6 of the Dungeon)
Scrolls
 e - a scroll of remove curse {@r2}
 g - 2 scrolls of fog
 h - a scroll of noise {unknown}
 k - 2 scrolls of immolation
 m - 4 scrolls of identify {@r1}
 q - a scroll of teleportation {unknown}
 w - a scroll of magic mapping {unknown}
 y - a scroll of enchant armour {unknown}
 C - a scroll of enchant weapon {unknown}
 H - a scroll of fear {unknown}
 L - a scroll of silence {unknown}
Potions
 f - 3 potions of agility
 j - 4 potions of flight
 l - 2 potions of haste {unknown}
 n - a potion of magic {unknown}
 p - a potion of mutation {unknown}
 s - 2 potions of degeneration {unknown}
 t - 3 potions of curing {unknown}
 u - 2 potions of brilliance {unknown}
 v - 2 potions of might {unknown}
 A - a potion of berserk rage {unknown}
Comestibles
 c - 11 rations
 J - 5 chunks of flesh


   Skills:
 + Level 12.7 Fighting
 + Level 12.7 Long Blades
 - Level 2.4 Armour
 - Level 2.1 Dodging


You had 9 spell levels left.
You didn't know any spells.

Dungeon Overview and Level Annotations

Branches:
Dungeon (7/15)             Temple (0/1) D:5

Altars:
Dithmenos
Elyvilon
Fedhas
Gozag
Hepliaklqana
Nemelex Xobeh
Ru
Sif Muna
Uskayaw
Vehumet

Shops:
D:4 =

Annotations:
D:6 Prince Ribbit


Innate Abilities, Weirdness & Mutations

You reflexively headbutt those who attack you in melee.
You have a pair of horns on your head.


Message History

Evoke which item? (* to show all) (? for menu, Esc to quit)
Aiming: Disintegrate
Press: ? - help, Shift-Dir - straight line, f/p - orc warrior
Aim: an orc warrior, wielding a war axe and wearing a shiny scale mail (severely wounded, chance to defeat MR: 65%)
The orc warrior is blasted.
You blow up the orc warrior!
Trog accepts your kill.
The orc warrior shouts!
Evoke which item? (* to show all) (? for menu, Esc to quit)
Aiming: Disintegrate
Press: ? - help, Shift-Dir - straight line, f - orc warrior
Aim: an orc warrior, wielding a war axe and wearing a plate armour (chance to defeat MR: 65%)
The orc warrior is blasted.
Evoke which item? (* to show all) (? for menu, Esc to quit)
Aiming: Disintegrate
Press: ? - help, Shift-Dir - straight line, f/p - orc warrior
Aim: an orc warrior, wielding a war axe and wearing a plate armour (heavily wounded, chance to defeat MR: 65%)
The orc warrior struggles to resist.
Evoke which item? (* to show all) (? for menu, Esc to quit)
Aiming: Disintegrate
Press: ? - help, Shift-Dir - straight line, f/p - orc warrior
Aim: an orc warrior, wielding a war axe and wearing a plate armour (heavily wounded, chance to defeat MR: 65%)
The orc warrior struggles to resist.
The now-empty wand crumbles to dust.
You hear a shout!
The orc warrior hits you with a war axe.
* * * LOW HITPOINT WARNING * * *
The orc warrior misses you.
You riposte.
You hit the orc warrior but do no damage.
The orc warrior is heavily wounded.
You're still recovering from your berserk rage.
You closely miss the orc warrior.
The orc warrior is heavily wounded.
You feel much better. The orc warrior closely misses you.
You closely miss the orc warrior.
The orc warrior is heavily wounded.
The orc warrior hits you with a war axe!!
* * * LOW HITPOINT WARNING * * *
Things that are here:
a war axe; a shiny scale mail You see here a chunk of flesh.
The orc warrior hits you with a war axe!
* * * LOW HITPOINT WARNING * * *
The orc hits you with an enchanted hand axe.
* * * LOW HITPOINT WARNING * * *
You feel agile all of a sudden. The orc misses you. You furiously retaliate!
You headbutt the orc!
You kill the orc!
Trog accepts your kill.
The orc warrior hits you with a war axe.
You die...

########≈≈≈≈≈....%.##
...ooKo#∩≈≈≈≈≈≈≈...%###
.....o.####)≈≈≈≈≈≈≈≈≈≈###≈
###'####..#...)÷≈≈≈≈≈≈≈≈≈≈
... ....###)..%).#≈≈≈≈≈≈#
####..' #.....#########
#..###.÷.....##
#..#.)..⌠.....#
##'#))..o@...##
#..()%..)...##
.......((.....####
#.#############


You could see an orc warrior.

Vanquished Creatures
  2 orc knights (Bailey)
  Grinder (D:4)
  Sigmund (D:5)
  Eustachio (D:5)
  Duvessa (D:5)
  The ghost of schwarznadel the Destroyer, an amateur TeCj (D:3)
  A necrophage (D:6)
  4 ogres
  7 orc warriors
  2 phantoms
  An ice beast (D:7)
  3 centaurs
  A bullfrog (D:6)
  Dowan (D:5)
  5 wights (D:7)
  A howler monkey (D:4)
  2 bullfrog zombies
  A centaur zombie (D:5)
  6 orc wizards
  A jelly (D:6)
  5 orc priests
  3 hounds
  Terence (D:2)
  4 worker ants
  Robin (D:3)
  3 gnolls
  A howler monkey skeleton (D:5)
  11 adders
  An ooze (D:1)
  An adder zombie (D:5)
  2 worms (D:3)
  4 dart slugs
  6 leopard geckos
  30 orcs
  5 ball pythons
  10 bats
  4 giant cockroaches (D:3)
  14 goblins
  16 hobgoblins
  11 jackals
  3 quokkas
  14 frilled lizards
  21 kobolds
  A leopard gecko skeleton (D:5)
  15 rats
  A plant (Sewer)
231 creatures vanquished.

Notes
Turn   | Place    | Note
-------+----------+-------------------------------------------
     0 | D:1      | b5mith the Minotaur Berserker began the quest for the Orb.
     0 | D:1      | Reached XP level 1. HP: 19/19 MP: 0/0
   337 | D:1      | Reached XP level 2. HP: 21/27 MP: 1/1
  1226 | D:2      | Found a shadowy altar of Dithmenos.
  1230 | D:2      | Reached XP level 3. HP: 34/34 MP: 2/2
  1316 | D:2      | Found an opulent altar of Gozag.
  1324 | D:2      | Reached ** piety under Trog
  1462 | D:2      | Found a sparkling altar of Nemelex Xobeh.
  1798 | D:2      | Noticed Terence
  1809 | D:2      | Killed Terence
  1809 | D:2      | Reached skill level 5 in Fighting
  1809 | D:2      | Reached skill level 5 in Long Blades
  1809 | D:2      | Reached XP level 4. HP: 42/42 MP: 3/3
  2242 | D:3      | Found a glowing drain.
  2274 | Sewer    | Entered a sewer
  2284 | Sewer    | Reached XP level 5. HP: 45/48 MP: 4/4
  3035 | D:3      | Reached *** piety under Trog
  3050 | D:3      | Noticed Robin
  3075 | D:3      | Killed Robin
  3101 | D:3      | Found a transporter.
  3105 | D:3      | Noticed a centaur
  3106 | D:3      | Found a transporter.
  3114 | D:3      | Found a deep blue altar of Sif Muna.
  3148 | D:3      | Noticed schwarznadel's ghost (amateur TeCj)
  3167 | D:3      | Killed schwarznadel's ghost
  3167 | D:3      | Reached XP level 6. HP: 13/58 MP: 5/5
  3817 | D:4      | Found Zoopimub's Jewellery Shoppe.
  3820 | D:4      | Bought a cursed +3 ring of strength for 127 gold pieces
  4351 | D:4      | Reached XP level 7. HP: 47/66 MP: 6/6
  4474 | D:4      | Noticed Grinder
  4504 | D:4      | Paralysed by Grinder for 3 turns
  4513 | D:4      | Killed Grinder
  4759 | D:3      | Reached **** piety under Trog
  5177 | D:5      | Entered Level 5 of the Dungeon
  5238 | D:5      | Noticed Sigmund
  5247 | D:5      | Killed Sigmund
  5247 | D:5      | Reached XP level 8. HP: 58/77 MP: 7/7
  5362 | D:5      | Found a blossoming altar of Fedhas.
  5374 | D:5      | Found a sacrificial altar of Ru.
  5408 | D:5      | Noticed Duvessa
  5408 | D:5      | Noticed Dowan
  5419 | D:5      | Killed Duvessa
  5427 | D:5      | Found a staircase to the Ecumenical Temple.
  6170 | D:5      | Killed Dowan
  6170 | D:5      | Reached skill level 10 in Fighting
  6170 | D:5      | Reached skill level 10 in Long Blades
  6313 | D:5      | Noticed Eustachio
  6369 | D:5      | Killed Eustachio
  6638 | D:6      | Found a hide-covered altar of Uskayaw.
  6648 | D:6      | Reached XP level 9. HP: 63/86 MP: 8/8
  7337 | D:6      | Found a white marble altar of Elyvilon.
  7337 | D:6      | Found a radiant altar of Vehumet.
  7386 | D:6      | Found a hazy altar of Hepliaklqana.
  7472 | D:6      | Noticed Prince Ribbit
  8124 | D:7      | Reached ***** piety under Trog
  8291 | D:7      | Found a flagged portal.
  8301 | Bailey   | Entered a bailey
  8311 | Bailey   | Noticed an orc knight
  8371 | Bailey   | Noticed an orc knight
  8516 | Bailey   | Killed an orc knight
  8522 | Bailey   | Killed an orc knight
  8522 | Bailey   | Reached XP level 10. HP: 42/98 MP: 9/9
  8719 | Bailey   | HP: 5/100 [orc warrior/war axe (18)]
  8737 | Bailey   | HP: 5/100 [orc/enchanted hand axe (6)]
  8738 | Bailey   | Slain by an orc warrior

Vault maps used:
D:1:      dpeg_arrival_boxorama
D:2:      lemuel_crystal_altar, nemelex_xobeh_ov_fountains_minmay,
          nicolae_dithmenos_shadow_blocks, grunt_ministairs_1,
          roderic_roman_lattice, minmay_misc_feat_plants,
          minmay_stone_trees_small, minmay_rat_gold_closets, uniq_terence
D:3:      gammafunk_temple_overflow_arena, portal_sewer_entry_f, uniq_robin
D:4:      first_ration, serial_shops, kennysheep_mini, uniq_grinder
D:5:      lemuel_doored_altar, temple_doors_cd, basic_altar, uniq_sigmund,
          uniq_duvessa, uniq_eustachio
D:6:      eat_drink_and_be_merry_uskayaw, kennysheep_little_box,
          gammafunk_temple_overflow_wave, amethyst_killhole, uniq_prince_ribbit1
D:7:      enter_bailey_2
Sewer:    sewer_co_scattered_pipes
Bailey:   bailey_axe_4, bailey

Skill      XL: |  1  2  3  4  5  6  7  8  9 |
---------------+----------------------------+-----
Fighting       | 4 5 6 7 8 10 12 | 12.7
Long Blades    | 4 5 6 7 8 10 12 | 12.7
Armour         | |  2.4
Dodging        | |  2.1

Action                   |  1- 3 |  4- 6 |  7- 9 | 10-12 || total
-------------------------+-------+-------+-------+-------++-------
Melee: Falchion          |    92 |   210 |   281 |    17 ||   600
       Headbutt          |    12 |    34 |    75 |     2 ||   123
       Long sword        |       |       |     9 |       ||     9
 Fire: Hunting sling     |       |       |    96 |       ||    96
Invok: Berserk           |       |     2 |     3 |     1 ||     6
Evoke: Wand              |       |       |       |    12 ||    12
  Use: Scroll            |       |       |     5 |       ||     5
       Potion            |       |       |     1 |     4 ||     5
  Eat: Chunk             |     2 |     8 |     9 |     1 ||    20
       Ration            |       |     1 |     2 |       ||     3
Armor: Animal skin       |     4 |       |       |       ||     4
       Ring mail         |    18 |    54 |    84 |     1 ||   157
Dodge: Dodged            |    50 |   105 |   155 |    12 ||   322
       Rpst.: Falchion   |    10 |    25 |    31 |     2 ||    68
       Long sword        |       |       |     1 |       ||     1

Table legend:
 A = Spawn XP
 B = Non-spawn XP
 C = Spawn XP percentage of total XP
 D = Spawn monster count
 E = Non-spawn monster count
 F = Spawn count percentage of total count
 G = Total turns spent on level
                    A         B        C        D         E        F      G
               +---------+---------+-------+---------+---------+-------+---------
         Total |       0 |    6486 |   0.0 |       0 |     230 |   0.0 |  8738
               +---------+---------+-------+---------+---------+-------+---------
           D:1 |       0 |      32 |   0.0 |       0 |      15 |   0.0 |  1122
           D:2 |       0 |     105 |   0.0 |       0 |      31 |   0.0 |   902
           D:3 |       0 |     504 |   0.0 |       0 |      56 |   0.0 |  1422
           D:4 |       0 |     668 |   0.0 |       0 |      18 |   0.0 |  1079
           D:5 |       0 |    1355 |   0.0 |       0 |      25 |   0.0 |  1452
           D:6 |       0 |     825 |   0.0 |       0 |      19 |   0.0 |  1125
           D:7 |       0 |    1014 |   0.0 |       0 |      20 |   0.0 |   547
         Sewer |       0 |      57 |   0.0 |       0 |      21 |   0.0 |   652
        Bailey |       0 |    1926 |   0.0 |       0 |      25 |   0.0 |   437
               +---------+---------+-------+---------+---------+-------+---------
